 Dungeon Crawl Stone Soup version 0.23.2-33-g5129a83184 (webtiles) character file.

Game seed: 16911596727953411281

114 psyvane the Vexing (level 4, 0/41 HPs)
             Began as an Ogre Arcane Marksman on July 14, 2019.
             Was an Initiate of Gozag.
             Succumbed to an adder's poison
             ... on level 3 of the Dungeon.
             The game lasted 00:14:38 (4247 turns).

psyvane the Vexing (Ogre Arcane Marksman)           Turns: 4247, Time: 00:14:39

Health: 0/41       AC:  3    Str: 15    XL:     4   Next: 97%
Magic:  2/5        EV: 10    Int: 14    God:    Gozag
Gold:   302        SH:  0    Dex:  9    Spells: 2/5 levels left

rFire    . . .     SeeInvis +   e - +2 dagger (holy)
rCold    . . .     Gourm    .   (no shield)
rNeg     . . .     Faith    .   a - +0 robe
rPois    .         Spirit   .   (helmet restricted)
rElec    .         Reflect  .   (no cloak)
rCorr    .         Harm     .   (gloves unavailable)
MR       .....                  (boots unavailable)
Stlth    +.........             (no amulet)
HPRegen  0.13/turn              p - ring of see invisible
MPRegen  0.09/turn              (no ring)

@: lethally poisoned (0 -> -8), gold aura
A: large, unfitting armour, tough skin 1
a: Potion Petition, Call Merchant, Bribe Branch, Renounce Religion


You were on level 3 of the Dungeon.
You worshipped Gozag.
Gozag was aware of your devotion.
You were very hungry.

You visited 1 branch of the dungeon, and saw 3 of its levels.

You collected 302 gold pieces.

Inventory:

Hand Weapons
 e - a +2 dagger of holy wrath (weapon)
Missiles
 d - 2 throwing nets (quivered)
 o - 18 tomahawks
Armour
 a - a +0 robe (worn)
Jewellery
 p - a ring of see invisible (left hand)
Scrolls
 b - 2 scrolls of enchant armour
 g - 3 scrolls of enchant weapon
 i - a scroll of magic mapping {unknown}
 j - 2 scrolls of teleportation
 k - a scroll of fog {unknown}
 l - a scroll of immolation {unknown}
 m - a scroll of fear {unknown}
Comestibles
 f - 4 rations


   Skills:
 - Level 1.3 Fighting
 - Level 1.0 Short Blades
 - Level 2.0 Throwing
 - Level 1.7 Dodging
 - Level 1.2 Spellcasting
 * Level 4.8 Hexes


You had 2 spell levels left.
You knew the following spells:

 Your Spells              Type           Power        Failure   Level  Hunger
a - Corona                Hex            ##.....      3%          1    ##.....
b - Slow                  Hex            ##......     5%          2    ###....

Your spell library contained the following spells:

 Spells                   Type           Power        Failure   Level  Hunger
 Inner Flame              Hex/Fire       #.......     28%         3    ####...
 Portal Projectile        Hex/Tloc       #.....       28%         3    ####...
 Cause Fear               Hex            ##........   34%         4    #####..
 Leda's Liquefaction      Hex/Erth       #.........   67%         4    #####..


Dungeon Overview and Level Annotations

Branches:
Dungeon (3/15)

Altars:
Gozag
Makhleb
The Shining One

Annotations:
D:3 1 runed translucent door, Crazy Yiuf


Innate Abilities, Weirdness & Mutations

You are too large for most types of armour.
You have tough skin. (AC +1)


Message History

Throwing (i - inventory. (/) - cycle)
h - a large rock (quivered)
Press: ? - help, Shift-Dir - straight line, f/p - adder
Aim: an adder You throw a large rock.
The large rock completely misses the adder.
* * * LOW HITPOINT WARNING * * *
You feel sick. The adder bites you but does no damage. The adder bites you.
* * * LOW HITPOINT WARNING * * *
The adder closely misses you.
You aren't carrying any potions.
Okay, then.
Okay, then.
Okay, then.
Okay, then.
You aren't carrying any potions.
As you read the scroll labeled HUF OP ASHROES, it crumbles to dust.
You hear a loud clanging noise!
It was a scroll of noise.
You die...
Your body crumbles into a pile of gold.

### ..#### #### #.#..
... #..# #.######
#.#####......#
#....##....#.#
##.##.##......####
##..##.((.(.$S@...#
###.#............##.#
....#.#####......# .#
...##.# #######.# .#
..$..ยง# ## .#
##$########### # #)#
#.....## #.# #......#
##o# #......#


You could see an adder.

Vanquished Creatures
  3 adders
  An ooze (D:2)
  4 worms
  3 dart slugs (D:1)
  2 leopard geckos (D:2)
  9 orcs
  2 bats
  2 giant cockroaches (D:3)
  7 hobgoblins
  2 jackals (D:3)
  5 kobolds
  2 frilled lizards (D:1)
  7 goblins
  3 rats
52 creatures vanquished.

Notes
Turn   | Place    | Note
-------+----------+-------------------------------------------
     0 | D:1      | psyvane the Ogre Arcane Marksman began the quest for the
                  | Orb.
     0 | D:1      | Reached XP level 1. HP: 19/19 MP: 2/2
   253 | D:1      | Reached skill level 3 in Hexes
   333 | D:1      | Reached XP level 2. HP: 25/27 MP: 1/3
   337 | D:1      | Learned a level 2 spell: Slow
  1999 | D:2      | Reached XP level 3. HP: 31/33 MP: 2/4
  2301 | D:2      | Reached skill level 4 in Hexes
  2895 | D:2      | Found a faded altar of an unknown god.
  2932 | D:2      | Became a worshipper of Gozag Ym Sagoz the Greedy
  2948 | D:2      | Reached XP level 4. HP: 39/41 MP: 3/5
  3259 | D:3      | Found a runed translucent door.
  3260 | D:3      | Noticed Crazy Yiuf
  3454 | D:3      | Reached skill level 1 in Short Blades
  3457 | D:3      | Found a glowing golden altar of the Shining One.
  3959 | D:3      | Found a burning altar of Makhleb.
  4246 | D:3      | HP: 1/41 [adder (3)]
  4247 | D:3      | Succumbed to an adder's poison

Skill      XL: |  1  2  3  4 |
---------------+-------------+-----
Hexes          | 3 4 |  4.8
Short Blades   | 1 |  1.0
Fighting       | |  1.3
Throwing       | |  2.0
Dodging        | |  1.7
Spellcasting   | |  1.2

Action                   |  1- 3 |  4- 6 || total
-------------------------+-------+-------++-------
Melee: Dagger            |   133 |   125 ||   258
       Unarmed           |     1 |       ||     1
Throw: Large rock        |       |     8 ||     8
       Throwing net      |       |     1 ||     1
 Cast: Corona            |    35 |    29 ||    64
       Slow              |     8 |     5 ||    13
Invok: Potion Petition   |       |     1 ||     1
  Use: Scroll            |       |     8 ||     8
       Potion            |       |     2 ||     2
  Eat: Chunk             |     8 |     1 ||     9
       Ration            |       |     1 ||     1
Armor: Robe              |    10 |    28 ||    38
Dodge: Dodged            |    59 |    72 ||   131
